Map: Acropolis LE

Players

Uply

  • Race: Zerg Zerg
  • Spawn Location: 5:00

XionS - Winner!

  • Race: Protoss Protoss
  • League: Grandmaster
  • Spawn Location: 11:00

Event: NationWars 2019

VOD

Have the link to the VOD?

Description

Time

  • Played on: Oct. 1, 2019, 11:38 a.m.
  • Length: 14:31
Show
View Real Time Build Order
Export as new Build Order

Uply Zerg 

Build Orders: Hatch First, Muta Ling Bane 

Get SALT Encoding   

  12  0:02  Drone  
  13  0:13  Overlord  
  13  0:17  Drone  
  14  0:31  Drone x2  
  14  0:35  Drone  
  17  0:52  Hatchery  
  17  0:55  Drone  
  17  0:57  Drone  
  18  1:09  Extractor  
  17  1:12  Spawning Pool  
  17  1:15  Drone  
  17  1:19  Drone  
  18  1:29  Drone  
  19  1:40  Overlord  
  19  1:51  Drone  
  20  1:59  Queen  
  20  2:00  Zergling x2  
  23  2:03  Queen  
  23  2:04  Zergling x2  
  26  2:09  Metabolic Boost  
  26  2:12  Drone  
  26  2:15  Drone  
  28  2:22  Drone  
  29  2:29  Drone  
  30  2:36  Drone x2  
  32  2:43  Hatchery  
  31  2:45  Overlord  
  31  2:47  Drone  
  32  2:57  Drone  
  33  2:59  Queen  
  33  3:04  Drone  
  36  3:09  Drone x5  
  41  3:19  Drone x2  
  43  3:30  Overlord  
  43  3:34  Extractor  
  43  3:36  Roach Warren  
  43  3:39  Overlord  
  43  3:40  Drone x3  
  44  3:51  Zergling x10  
  49  3:59  Drone  
  49  4:00  Drone x2, Queen  
  54  4:03  Queen  
  54  4:04  Drone  
  54  4:08  Drone x2  
  59  4:15  Drone  
  59  4:18  Lair, Drone x3  
  59  4:19  Drone  
  62  4:26  Drone, Overlord  
  62  4:27  Drone x2  
  62  4:29  Drone  
  66  4:31  Overlord  
  66  4:43  Overlord  
  65  4:45  Overlord x2  
  65  4:49  Overlord  
  65  4:51  Drone x2  
  65  4:53  Extractor  
  65  4:55  Spore Crawler, Extractor  
  65  4:56  Drone x2  
  65  4:57  Drone, Evolution Chamber  
  65  4:59  Drone x2  
  64  5:04  Overlord  
  64  5:06  Drone x4  
  67  5:08  Extractor  
  67  5:11  Pneumatized Carapace  
  66  5:15  Zergling x2  
  66  5:19  Spire  
  66  5:24  Overseer  
  66  5:30  Zergling x8  
  66  5:33  Drone  
  66  5:35  Drone x4  
  75  5:38  Extractor  
  74  5:43  Drone x5  
  74  5:44  Drone x2  
  74  5:45  Glial Reconstitution  
  81  5:53  Overlord  
  81  5:55  Drone  
  81  5:56  Drone x2  
  84  5:57  Baneling Nest  
  84  6:03  Drone  
  84  6:08  Overlord  
  84  6:10  Hatchery  
  83  6:29  Zergling x2  
  83  6:30  Zergling x4  
  83  6:31  Hatchery, Mutalisk, Extractor  
  83  6:32  Mutalisk x7  
  88  6:34  Mutalisk  
  102  6:40  Spore Crawler  
  102  6:42  Spore Crawler x2, Drone  
  102  6:43  Spore Crawler, Drone x2  
  102  6:45  Spore Crawler  
  99  6:54  Zerg Flyer Weapons Level 1  
  99  6:55  Drone x2  
  99  6:57  Overseer  
  101  7:04  Drone x5, Overlord  
  101  7:05  Overlord  
  106  7:14  Mutalisk x3  
  106  7:15  Zergling x8  
  116  7:20  Overlord x2  
  116  7:23  Mutalisk x3, Overlord  
  117  7:39  Infestation Pit  
  117  7:40  Mutalisk x2  
  117  7:42  Drone x3  
  117  7:43  Queen  
  123  7:45  Extractor  
  123  7:48  Overlord  
  122  7:51  Mutalisk x2  
  122  7:54  Zergling x20  
  136  8:02  Mutalisk  
  136  8:05  Overseer, Drone x3  
  141  8:10  Centrifical Hooks  
  141  8:13  Mutalisk  
  141  8:19  Overlord x2  
  143  8:20  Pathogen Glands  
  143  8:29  Mutalisk x2  
  143  8:31  Zergling x16  
  155  8:38  Zergling x6  
  155  8:39  Zergling x10  
  163  8:43  Hatchery  
  160  8:59  Drone  
  160  9:00  Drone x11  
  172  9:07  Overlord x2  
  168  9:14  Overlord x2  
  168  9:15  Overlord  
  168  9:23  Extractor  
  167  9:25  Extractor, Infestor x8  
  182  9:39  Drone x3  
  182  9:40  Drone x2  
  182  9:44  Zerg Flyer Weapons Level 2  
  187  9:49  Drone x3, Spine Crawler  
  187  9:51  Spine Crawler  
  188  9:55  Spore Crawler x2  
  188  9:57  Spore Crawler, Spire  
  188  9:58  Spore Crawler  
  183  10:04  Drone x3  
  186  10:08  Infestor x2  
  186  10:09  Infestor x2  
  186  10:13  Spore Crawler  
  193  10:16  Evolution Chamber  
  193  10:17  Evolution Chamber  
  193  10:18  Drone x3  
  194  10:41  Infestor  
  194  10:42  Spore Crawler, Infestor x2  
  200  10:43  Spore Crawler  
  200  10:45  Spore Crawler x3  
  200  10:46  Spore Crawler  
  200  10:47  Spore Crawler x2  
  200  10:48  Zerg Ground Armor Level 1, Zerg Missile Weapons Level 1  
  192  10:52  Nydus Network  
  192  10:53  Corruptor  
  192  10:54  Spore Crawler, Overlord x2  
  192  11:07  Baneling x6  
  192  11:14  Hive  
  192  11:32  Overseer  
  192  11:35  Overseer  
  192  11:40  Infestor x4  
  200  12:05  Zerg Flyer Armor Level 1  
  200  12:20  Nydus Canal  
  191  12:30  Corruptor x6  
  191  12:31  Corruptor x3  
  191  12:33  Nydus Canal  
  188  12:55  Spore Crawler  
  188  12:56  Spore Crawler  
  188  12:57  Spore Crawler  
  188  12:58  Spore Crawler x4  
  181  13:07  Nydus Canal  
  181  13:13  Greater Spire  
  181  13:25  Infestor x8  
Show
View Real Time Build Order
Export as new Build Order

XionS Protoss - Winner!

Build Orders: 1 Gate Expand, Carriers 

Get SALT Encoding   

  12  0:00  Probe  
  13  0:13  Probe  
  14  0:21  Pylon  
  14  0:25  Probe  
  15  0:39  Probe (Chrono Boost)  
  16  0:46  Gateway  
  16  0:48  Probe (Chrono Boost)  
  17  0:53  Probe  
  18  1:12  Nexus  
  18  1:16  Probe  
  19  1:22  Assimilator  
  19  1:28  Probe  
  20  1:33  Cybernetics Core  
  20  1:40  Assimilator  
  20  1:42  Probe  
  21  1:49  Pylon  
  22  1:54  Probe  
  22  2:06  Probe  
  22  2:07  Warp Gate (Chrono Boost)  
  23  2:11  Stalker (Chrono Boost)  
  25  2:18  Probe  
  26  2:24  Probe  
  27  2:30  Probe  
  27  2:35  Sentry  
  27  2:36  Probe  
  31  2:42  Probe (Chrono Boost)  
  32  2:45  Gateway  
  32  2:48  Probe (Chrono Boost)  
  34  3:00  Stargate, Probe x2 (Chrono Boost)  
  34  3:05  Pylon  
  35  3:06  Probe (Chrono Boost)  
  35  3:07  Probe (Chrono Boost)  
  37  3:15  Pylon  
  37  3:16  Probe  
  37  3:19  Probe  
  39  3:34  Probe  
  40  3:37  Probe  
  41  3:43  Adept x2  
  41  3:47  Nexus  
  45  3:50  Pylon  
  45  3:52  Probe x2  
  47  4:02  Void Ray (Chrono Boost)  
  51  4:04  Probe  
  51  4:06  Probe  
  53  4:12  Assimilator  
  53  4:14  Assimilator  
  53  4:18  Probe x2  
  53  4:21  Shield Battery  
  51  4:30  Probe x2  
  53  4:31  Pylon  
  53  4:32  Adept  
  53  4:37  Void Ray (Chrono Boost)  
  55  4:42  Probe x2  
  55  4:43  Adept  
  61  4:54  Probe x2  
  63  5:04  Probe  
  63  5:06  Probe x2  
  63  5:14  Stargate  
  63  5:16  Probe  
  63  5:17  Stargate  
  63  5:18  Probe x2, Forge  
  63  5:19  Shield Battery  
  66  5:23  Void Ray (Chrono Boost)  
  70  5:30  Probe x2 (Chrono Boost)  
  70  5:33  Probe (Chrono Boost)  
  73  5:41  Pylon  
  76  5:43  Probe (Chrono Boost)  
  76  5:46  Pylon, Probe (Chrono Boost)  
  76  5:47  Probe (Chrono Boost)  
  76  5:48  Probe (Chrono Boost)  
  77  5:52  Probe  
  77  5:53  Pylon  
  77  5:54  Pylon, Probe  
  77  5:55  Adept  
  81  5:57  Probe, Void Ray (Chrono Boost)  
  81  5:58  Void Ray (Chrono Boost)  
  90  6:04  Void Ray (Chrono Boost)  
  90  6:05  Probe  
  90  6:06  Probe  
  96  6:19  Probe  
  96  6:22  Pylon, Assimilator  
  96  6:25  Assimilator  
  97  6:26  Photon Cannon  
  97  6:31  Photon Cannon  
  97  6:32  Photon Cannon  
  101  6:40  Void Ray (Chrono Boost)  
  101  6:43  Protoss Air Weapons Level 1 (Chrono Boost)  
  101  6:48  Void Ray (Chrono Boost)  
  101  6:50  Photon Cannon  
  101  6:52  Void Ray (Chrono Boost)  
  105  6:56  Pylon  
  109  7:02  Photon Cannon  
  109  7:04  Photon Cannon  
  109  7:05  Photon Cannon  
  109  7:08  Shield Battery  
  109  7:18  Fleet Beacon  
  109  7:20  Pylon  
  109  7:23  Void Ray  
  109  7:25  Photon Cannon  
  108  7:44  Photon Cannon, Void Ray  
  108  7:46  Photon Cannon  
  108  7:47  Photon Cannon  
  108  7:48  Photon Cannon  
  108  7:50  Photon Cannon  
  112  7:53  Void Ray (Chrono Boost)  
  115  8:04  Carrier (Chrono Boost)  
  121  8:20  Photon Cannon x2  
  121  8:23  Shield Battery  
  121  8:24  Carrier (Chrono Boost)  
  127  8:35  Stargate  
  126  8:47  Probe  
  124  8:55  Carrier (Chrono Boost), Nexus  
  124  8:58  Pylon  
  124  9:00  Robotics Facility  
  130  9:05  Pylon  
  130  9:12  Protoss Air Weapons Level 2 (Chrono Boost)  
  130  9:15  Carrier (Chrono Boost)  
  136  9:23  Photon Cannon x2  
  136  9:24  Photon Cannon  
  136  9:27  Probe  
  136  9:28  Probe  
  136  9:29  Probe  
  139  9:39  Probe  
  139  9:40  Probe  
  139  9:41  Probe  
  148  9:47  Shield Battery  
  148  9:51  Probe  
  149  9:53  Probe x2  
  149  9:55  Observer  
  149  9:57  Carrier (Chrono Boost)  
  149  9:58  Carrier (Chrono Boost)  
  158  10:03  Probe  
  158  10:05  Probe x2  
  161  10:08  Probe, Assimilator  
  161  10:12  Assimilator  
  162  10:16  Probe  
  162  10:17  Probe  
  162  10:19  Observer  
  165  10:23  Probe  
  165  10:24  Probe  
  165  10:26  Pylon  
  165  10:27  Pylon  
  165  10:28  Probe  
  168  10:29  Probe  
  168  10:33  Twilight Council  
  169  10:35  Probe  
  169  10:36  Probe  
  169  10:38  Pylon  
  169  10:40  Probe  
  169  10:41  Oracle (Chrono Boost), Probe  
  173  10:43  Observer  
  173  10:49  Photon Cannon  
  179  10:51  Oracle (Chrono Boost)  
  179  10:55  Gateway  
  179  10:56  Gateway  
  179  10:57  Gateway  
  179  10:58  Gateway  
  179  11:00  Gateway  
  179  11:04  Charge (Chrono Boost)  
  179  11:14  Templar Archives  
  178  11:34  Protoss Ground Weapons Level 1 (Chrono Boost)  
  178  11:37  Gateway  
  178  11:40  Gateway  
  178  11:44  Observer (Chrono Boost)  
  176  11:47  Psionic Storm  
  176  11:55  High Templar x7  
  176  12:00  Archon x2  
  190  12:08  Pylon, Nexus, Dark Shrine  
  189  12:16  Observer  
  190  12:23  Nexus  
  182  12:40  High Templar x3  
  182  12:41  High Templar  
  182  12:42  Zealot x4  
  198  12:45  Archon  
  198  12:47  Archon  
  198  12:49  Nexus  
  198  12:51  Pylon  
  198  12:53  Pylon  
  198  12:55  Pylon x2  
  198  12:57  Observer  
  195  13:16  Photon Cannon  
  195  13:17  Photon Cannon  
  195  13:18  Observer  
  195  13:19  Photon Cannon  
  195  13:20  Photon Cannon, Dark Templar x2  
  195  13:21  Dark Templar  
  195  13:22  Photon Cannon  
  195  13:24  Photon Cannon  
  195  13:25  Dark Templar  
  200  13:27  Photon Cannon  
  199  13:38  Dark Templar x3  
  199  13:39  Dark Templar  
  182  14:06  Probe  
  182  14:07  Zealot, Dark Templar  
  182  14:08  Zealot x3  
  169  14:18  Stalker, Probe  
  169  14:19  Stalker x3  
Tags
 
Add a new tag
Caveats
  • Supply blocks, unpowered buildings, or Contaminate may cause inaccurate times.
  • Supply counts are checked every 10 seconds.